 Dungeon Crawl Stone Soup version 0.31.0-11-ge490571c62 (webtiles) character file.

Game seed: 2295212471943865651

9 Arcadio the Sneak (level 2, -3/26 HPs)
             Began as a Draconian Delver on Jan 30, 2024.
             Incinerated by a bombardier beetle (4 damage)
             ... with a burning spray
             ... on level 5 of the Dungeon.
             The game lasted 00:00:32 (95 turns).

Arcadio the Sneak (Draconian Delver)                  Turns: 95, Time: 00:00:33

Health: -3/26      AC:  4    Str: 14    XL:     2   Next: 3%
Magic:  2/2        EV: 12    Int: 10    God:
Gold:   0          SH:  0    Dex: 12    Spells: 1/1 levels left

rFire   . . .        a - +0 mace
rCold   . . .        (no shield)
rNeg    . . .        (body armour unavailable)
rPois   .            (helmet restricted)
rElec   .            (no cloak)
rCorr   .            (no gloves)
SInv    .            (no boots)
Will    .....        (no amulet)
Stlth   +            (no ring)
HPRegen 0.24/turn    (no ring)
MPRegen 0.08/turn

%: no passive effects
@: on fire, glowing
A: AC +4, unfitting armour, cold-blooded
a: no special abilities


You were on level 5 of the Dungeon.
You visited 1 branch of the dungeon, and saw 1 of its levels.

Inventory:

Hand Weapons
 a - a +0 mace (weapon)
Armour
 g - a +1 cloak
Wands
 f - a wand of digging (3)
Scrolls
 b - a scroll of fog
 c - a scroll of revelation
 d - a scroll of fear
Potions
 e - a potion of haste


   Skills:
 + Level 3.5 Fighting
 + Level 2.2 Maces & Flails
 + Level 2.0 Dodging
 - Level 4.5 Stealth


You had one spell level left.
You didn't know any spells.
Your spell library was empty.

Dungeon Overview and Level Annotations

Branches:
Dungeon (5/15)
 Temple: D:4-7

Altars:


Innate Abilities, Weirdness & Mutations

Your plain brown scales are hard. (AC +4)
You cannot fit into any form of body armour.
You are cold-blooded and may be slowed by cold attacks.


Message History

The ice beast hits you. The ice beast freezes you.
You see here a +1 cloak.
g - a +1 cloak The ice beast barely misses you.
The ice beast attacks as it pursues you!
The ice beast barely misses you.
The ice beast attacks as it pursues you!
The ice beast hits you but does no damage.
The ice beast attacks as it pursues you!
The ice beast hits you. The ice beast freezes you!
You feel yourself slow down.
The ice beast attacks as it pursues you!
The ice beast closely misses you.
You feel yourself speed up.
The ice beast attacks as it pursues you!
The ice beast hits you but does no damage.
The ice beast misses you.
A black bear comes into view.
The black bear growls angrily.
The dart slug attacks as it pursues you!
The dart slug barely misses you. The black bear barely misses you.
The black bear claws you but does no damage.
The black bear claws you.
The dart slug attacks as it pursues you!
The dart slug bites you but does no damage.
The bombardier beetle bites you.
The bombardier beetle sprays incendiary fluid at you.
The burning spray hits you.
You are covered in liquid fire!
You shake off some of the fire as you move.
The liquid fire burns you!
You shake off some of the fire as you move.
The liquid fire burns you!
* * * LOW HITPOINT WARNING * * *
The bombardier beetle sprays incendiary fluid at you.
The burning spray hits you.
You are even more covered in liquid fire!
You shake off some of the fire as you move.
The liquid fire burns you!
You die...

#.# ....# #.#
....#### #.#
######......#
##.####.......# .#
......#.#.....###.##
##.##.#....(.......
##..........B..##.#
#####.#.......###.#
......#.#...wh..@.#
..#####......Y#####
....# #########
...$# ....# ....#
.#..# ##..# ....#


You could see a black bear, an ice beast and a dart slug.

Vanquished Creatures
  An adder (D:5)
1 creature vanquished.

Notes
Turn   | Place    | Note
-------+----------+-------------------------------------------
     0 | D:5      | Arcadio the Draconian Delver began the quest for the Orb.
     0 | D:5      | Reached XP level 1. HP: 19/19 MP: 1/1
    14 | D:5      | Reached XP level 2. HP: 20/26 MP: 2/2
    45 | D:5      | Noticed an ice beast
    67 | D:5      | Noticed a bombardier beetle
    85 | D:5      | Noticed a black bear
    94 | D:5      | HP: 1/26 [burnt (5)]
    95 | D:5      | Incinerated by a bombardier beetle

Illustrated notes

Levels and vault maps discovered:
D:5:      layout_loops_cross, okawaru_ov_weapons_minmay, grunt_ministairs_5,
          minmay_joined_circles

Skill      XL: |  1 |
---------------+----+-----
Dodging        | 2 |  2.0
Fighting       | |  3.5
Maces & Flails | |  2.2
Stealth        | |  4.5

Action                     || total
---------------------------++-------
  Melee: Mace              ||     6
 Armour: Skin              ||    11
  Dodge: Dodged            ||    17
